 Dungeon Crawl Stone Soup version 0.20.0-4-g10b340a (webtiles) character file.

188 MDvedh the Spear-Bearer (level 5, -2/38 HPs)
             Began as a Merfolk Skald on May 27, 2017.
             Slain by a two-headed ogre
             ... wielding a +0 giant club
              (29 damage)
             ... on level 3 of the Dungeon.
             The game lasted 00:05:38 (4017 turns).

MDvedh the Spear-Bearer (Merfolk Skald)             Turns: 4017, Time: 00:05:39

Health: -2/38      AC:  5    Str: 12    XL:     5   Next: 67%
Magic:  8/8        EV: 11    Int: 12    God:
Gold:   137        SH:  0    Dex: 14    Spells: 4/8 levels left

rFire    . . .     SeeInvis .   a - +0 spear
rCold    . . .     Gourm    .   (no shield)
rNeg     . . .     Faith    .   h - +0 ring mail
rPois    .         Spirit   .   (no helmet)
rElec    .         Reflect  .   (no cloak)
rCorr    .         Harm     .   (no gloves)
MR       .....                  (no boots)
Stlth    +.........             (no amulet)
Regen    0.2/turn               (no ring)
MPRegen  0.2/turn               (no ring)

@: no status effects
A: change form in water, swift swim, stealthy swim
a: no special abilities


You were on level 3 of the Dungeon.
You were not hungry.

You visited 1 branch of the dungeon, and saw 3 of its levels.

You collected 137 gold pieces.

Inventory:

Hand Weapons
 a - a +0 spear (weapon)
Armour
 b - a +0 leather armour
 h - a +0 ring mail (worn)
 o - a +0 scale mail
Scrolls
 e - a scroll of enchant weapon {unknown}
 f - 2 scrolls of teleportation {unknown}
 g - a scroll of remove curse {unknown}
 m - a scroll of random uselessness {unknown}
 p - a scroll of enchant armour {unknown}
Potions
 d - a potion of berserk rage {unknown}
 i - a potion of brilliance
 k - 2 potions of agility
 n - a potion of lignification {unknown}
 q - a potion of resistance {unknown}
Books
 c - a book of Battle

   Spells                             Type                      Level
   a - Infusion                       Charms                       1
   b - Shroud of Golubria             Charms/Translocation         2
   c - Song of Slaying                Charms                       2
   d - Spectral Weapon                Hexes/Charms                 3
   e - Regeneration                   Charms/Necromancy            3
Comestibles
 j - 7 fruits
 l - a meat ration


   Skills:
 - Level 2.1 Fighting
 + Level 8.3 Polearms
 - Level 0.6 Armour
 - Level 2.6 Dodging
 - Level 2.0 Spellcasting
 - Level 3.2 Charms


You had 4 spell levels left.
You knew the following spells:

 Your Spells              Type           Power        Failure   Level  Hunger
a - Infusion              Chrm           #...         16%         1    ##.....
b - Regeneration          Chrm/Necr      #.........   67%         3    ####...


Dungeon Overview and Level Annotations

Branches:
Dungeon (3/15)

Altars:
Fedhas
Nemelex Xobeh


Message History

A two-headed ogre is nearby!
A two-headed ogre is nearby!
Attack whom?
Press: ? - help, Dir - move target cursor, f - two-headed ogre
Aim: a two-headed ogre, wielding two giant clubs You reach to attack!
You hit the two-headed ogre.
The two-headed ogre is lightly wounded.
You are no longer magically infusing your attacks.
You see here a club.
You hit the two-headed ogre.
The two-headed ogre is lightly wounded.
The two-headed ogre closely misses you. x2
You hit the two-headed ogre but do no damage.
The two-headed ogre is lightly wounded.
You completely miss the two-headed ogre.
The two-headed ogre is lightly wounded.
The two-headed ogre hits you with a giant club!
The two-headed ogre hits you with a giant club!!
Ouch! That really hurt!
You die...

#.#.............#.#.#
#.##....#.#####.#.#.#
########.......#.# #.#.#.#
#.......###.#..#.# #.#.#.#
##.###.## #.#..#.#####.#.#.####
#.# #.# ##)#..#...............
#.# #.# #..#.)))......#.#.####
#.# #.###..#.##########+#.####
#.# #........@O...............
##.########..#########....#####
#............#.......#....# #
############.#.......#.#'## #
#.#<......#.#.# #
#.#...###.#.#.# # #.#...#
#.#.#.# # #.##### #.#.#.######
#.##### #.#.#.#.....


You could see a two-headed ogre.

Vanquished Creatures
  4 gnolls
  5 adders
  An ooze (D:2)
  3 worms
  3 dart slugs (D:1)
  3 leopard geckos
  7 orcs (D:3)
  5 bats
  2 giant cockroaches
  10 goblins
  7 hobgoblins
  6 jackals
  A quokka (D:3)
  A ball python (D:1)
  7 frilled lizards
  5 kobolds
  7 rats
77 creatures vanquished.

Notes
Turn   | Place    | Note
-------+----------+-------------------------------------------
     0 | D:1      | MDvedh the Merfolk Skald began the quest for the Orb.
     0 | D:1      | Reached XP level 1. HP: 16/16 MP: 3/3
   302 | D:1      | Reached skill level 4 in Polearms
   302 | D:1      | Reached XP level 2. HP: 22/22 MP: 5/5
   489 | D:1      | Reached skill level 5 in Polearms
   489 | D:1      | Reached XP level 3. HP: 27/27 MP: 6/6
   593 | D:1      | HP: 1/27 [jackal (2)]
  1085 | D:2      | Reached skill level 6 in Polearms
  1085 | D:2      | Reached XP level 4. HP: 12/33 MP: 7/7
  1988 | D:2      | Found a sparkling altar of Nemelex Xobeh.
  1988 | D:2      | Found a blossoming altar of Fedhas.
  2305 | D:2      | Reached skill level 7 in Polearms
  2570 | D:1      | Reached XP level 5. HP: 8/38 MP: 8/8
  3420 | D:3      | Reached skill level 8 in Polearms
  3874 | D:3      | Noticed an ogre
  3902 | D:3      | Learned a level 3 spell: Regeneration
  3962 | D:3      | Noticed a two-headed ogre
  4017 | D:3      | Slain by a two-headed ogre

Skill      XL: |  1  2  3  4  5 |
---------------+----------------+-----
Polearms       | 4 5 6 7 8 |  8.3
Fighting       | |  2.1
Armour         | |  0.6
Dodging        | |  2.6
Spellcasting   | |  2.0
Charms         | |  3.2

Action                   |  1- 3 |  4- 6 || total
-------------------------+-------+-------++-------
Melee: Spear             |   156 |   270 ||   426
 Cast: Infusion          |       |     1 ||     1
  Use: Potion            |     3 |     2 ||     5
 Stab: Distracted        |       |     1 ||     1
  Eat: Chunk             |     1 |     5 ||     6
       Bread ration      |       |     1 ||     1
Armor: Leather armour    |    48 |    12 ||    60
       Ring mail         |       |    12 ||    12
Dodge: Dodged            |   138 |    85 ||   223
